 Dungeon Sprint DCSS version 0.18-a0-1788-g92de1ac (webtiles) character file.

1976 Moloch the Bludgeoner (level 9, -5/171 HPs)
             Began as an Ogre Berserker on Apr 19, 2016.
             Was a High Priest of Trog.
             Slain by a demonic crawler (8 damage)
             ... in the Dungeon (Sprint I: "Red Sonja").
             The game lasted 00:03:21 (883 turns).

Moloch the Bludgeoner (Ogre Berserker)               Turns: 883, Time: 00:03:22

Health: -5/171     AC:  3    Str: 32    XL:     9   Next: 20%
Magic:  9/9        EV: 10    Int:  6    God:    Trog [*****.]
Gold:   418        SH:  0    Dex:  9    Spells: 0 memorised, 8 levels left

rFire  . . .     SeeInvis .     l - +0 giant spiked club (curse)
rCold  . . .     Gourm    .     b - +0 animal skin
rNeg   . . .     Faith    .     (shield currently unavailable)
rPois  .         Spirit   .     (helmet restricted)
rElec  .         Dismiss  .     (no cloak)
rCorr  .         Reflect  .     (gloves unavailable)
SustAt .         Harm     .     (boots unavailable)
MR     .....     NoTele   +     (no amulet)
Stlth  ..........               (no ring)
                                (no ring)

@: berserking (expiring), very quick, not resistant to hostile enchantments,
extremely unstealthy
A: unfitting armour, tough skin 1
a: Berserk, Trog's Hand, Brothers in Arms, Burn Spellbooks, Renounce Religion


You were in the Dungeon.
You worshipped Trog.
Trog was extremely pleased with you.
You were not hungry.

You visited 1 branch You collected 418 gold pieces.

Inventory:

Hand Weapons
 l - a cursed +0 giant spiked club (weapon)
Armour
 b - a +0 animal skin (worn)
Scrolls
 a - 2 scrolls of immolation {unknown}
 i - a scroll of blinking
Potions
 e - a potion of heal wounds
 f - a potion of haste
 g - 2 potions of magic
 h - a potion of berserk rage
 j - a potion of mutation {unknown}


   Skills:
 + Level 14.9 Fighting
 * Level 19.8 Maces & Flails
 - Level 2.6 Dodging


You had 8 spell levels left.
You didn't know any spells.

Dungeon Overview and Level Annotations

Branches:
Dungeon (1/1)

Altars:
Cheibriados
Dithmenos
Elyvilon
Fedhas
Gozag
Kikubaaqudgha
Makhleb
Nemelex Xobeh
Okawaru
Pakellas
Qazlal
Ru
Sif Muna
Trog
Vehumet
Xom
Yredelemnul
Zin
The Shining One
Jiyva

Shops:
D =


Innate Abilities, Weirdness & Mutations

You are too large for most types of armour.
You have tough skin (AC +1).


Message History

You kill the demonic crawler!
Trog accepts your kill. The demonic crawler closely misses you.
The demonic crawler hits you but does no damage.
The demonic crawler hits you.
* * * LOW HITPOINT WARNING * * *
You hit the demonic crawler.
The demonic crawler is lightly wounded.
The demonic crawler hits you.
* * * LOW HITPOINT WARNING * * *
The demonic crawler hits you.
* * * LOW HITPOINT WARNING * * *
The demonic crawler hits you!
* * * LOW HITPOINT WARNING * * *
You sock the demonic crawler!
The demonic crawler is moderately wounded.
You bludgeon the demonic crawler!!
The demonic crawler is severely wounded.
The demonic crawler hits you!
You die...

##################
.#..'..#__#..')..#
.').#..'^.'..#..@#
'#####'#__####..†s..#
.#...#.#### #####..+
##..##.# +## _##'#..+
..'..._# _##_.#'#
_###+#.# ## ###


You could see a demonic crawler.

Vanquished Creatures
  2 kobold demonologists (D)
  3 demonic crawlers (D)
  A slime creature (D)
  Sigmund (D)
  A yak (D)
  A giant eyeball (D)
  An ogre (D)
  A jelly (D)
  Ijyb (D)
12 creatures vanquished.

Vanquished Creatures (others)
  A gargoyle (D)
1 creature vanquished.

Grand Total: 13 creatures vanquished

Notes
Turn   | Place    | Note
--------------------------------------------------------------
     0 | D        | Moloch the Ogre Berserker began the quest for the Orb.
     0 | D        | Reached XP level 1. HP: 24/24 MP: 1/1
     5 | D        | Noticed Ijyb
    30 | D        | Killed Ijyb
    30 | D        | Reached skill level 7 in Maces & Flails
    30 | D        | Reached XP level 2. HP: 10/36 MP: 2/2
    30 | D        | Reached XP level 3. HP: 12/44 MP: 3/3
   257 | D        | Noticed an ogre
   265 | D        | Killed an ogre
   265 | D        | Reached skill level 10 in Maces & Flails
   265 | D        | Reached XP level 4. HP: 55/57 MP: 4/4
   327 | D        | Killed a gargoyle
   357 | D        | Noticed Sigmund
   369 | D        | Killed Sigmund
   369 | D        | Reached ** piety under Trog
   369 | D        | Reached skill level 10 in Fighting
   369 | D        | Reached skill level 13 in Maces & Flails
   369 | D        | Reached XP level 5. HP: 36/68 MP: 5/5
   369 | D        | Reached XP level 6. HP: 41/78 MP: 6/6
   536 | D        | Found a deep blue altar of Sif Muna.
   538 | D        | Found a radiant altar of Vehumet.
   598 | D        | Found a viscous altar of Jiyva.
   598 | D        | Found a blossoming altar of Fedhas.
   598 | D        | Noticed a slime creature
   599 | D        | Found a snail-covered altar of Cheibriados.
   599 | D        | Found a shadowy altar of Dithmenos.
   604 | D        | Killed a slime creature
   604 | D        | Reached skill level 15 in Maces & Flails
   604 | D        | Reached XP level 7. HP: 59/88 MP: 7/7
   796 | D        | Found Igreopsa's Jewellery Emporium.
   796 | D        | Found a white marble altar of Elyvilon.
   796 | D        | Found a stormy altar of Qazlal.
   796 | D        | Found a basalt altar of Yredelemnul.
   796 | D        | Found an iron altar of Okawaru.
   796 | D        | Found a sparkling altar of Nemelex Xobeh.
   796 | D        | Found a shimmering altar of Xom.
   796 | D        | Found an ancient bone altar of Kikubaaqudgha.
   796 | D        | Noticed a yak
   798 | D        | Killed a yak
   798 | D        | Reached *** piety under Trog
   798 | D        | Reached skill level 16 in Maces & Flails
   799 | D        | Found a burning altar of Makhleb.
   799 | D        | Found a sacrificial altar of Ru.
   799 | D        | Found an oddly glowing altar of Pakellas.
   799 | D        | Found a glowing golden altar of the Shining One.
   799 | D        | Found an opulent altar of Gozag.
   799 | D        | Found a glowing silver altar of Zin.
   800 | D        | Found a bloodstained altar of Trog.
   829 | D        | Noticed a kobold demonologist
   830 | D        | Noticed a kobold demonologist
   832 | D        | Noticed a rust devil
   833 | D        | Killed a kobold demonologist
   833 | D        | Reached skill level 17 in Maces & Flails
   833 | D        | Reached XP level 8. HP: 102/102 MP: 8/8
   834 | D        | Killed a kobold demonologist
   834 | D        | Reached **** piety under Trog
   834 | D        | Reached skill level 18 in Maces & Flails
   867 | D        | Noticed a demonic crawler
   867 | D        | Noticed a demonic crawler
   867 | D        | Noticed a demonic crawler
   867 | D        | Noticed a demonic crawler
   873 | D        | Killed a demonic crawler
   875 | D        | Killed a demonic crawler
   875 | D        | Reached skill level 19 in Maces & Flails
   875 | D        | Reached XP level 9. HP: 63/114 MP: 9/9
   880 | D        | Killed a demonic crawler
   880 | D        | Reached ***** piety under Trog
   881 | D        | HP: 3/171 [demonic crawler (12)]
   883 | D        | Slain by a demonic crawler

Vault maps used:
D:        dungeon_sprint_1

Skill      XL: |  1  2  3  4  5  6  7  8 |
---------------+-------------------------+-----
Fighting       | 6 8 10 11 13 14 | 14.9
Maces & Flails | 7 10 13 15 17 19 | 19.8
Dodging        | |  2.6

Action                   |  1- 3 |  4- 6 |  7- 9 || total
-------------------------+-------+-------+-------++-------
Melee: Mace              |    30 |       |       ||    30
       Giant spiked club |       |    17 |    20 ||    37
Invok: Berserk           |     1 |     1 |     2 ||     4
  Use: Potion            |       |     1 |       ||     1
  Eat: Chunk             |       |       |     1 ||     1
       Bread ration      |       |       |     1 ||     1
Armor: Animal skin       |     7 |       |     2 ||     9
Dodge: Dodged            |    14 |     5 |    14 ||    33
